 Dungeon Crawl Stone Soup version 0.23-a0-844-gdc03e01 (webtiles) character file.

360 Atlas the Magician (level 6, -1/42 HPs)
             Began as a Mummy Necromancer on Jan 27, 2019.
             Was an Initiate of Gozag.
             Slain by an iguana (8 damage)
             ... on level 4 of the Dungeon.
             The game lasted 00:04:26 (2874 turns).

Atlas the Magician (Mummy Necromancer)              Turns: 2874, Time: 00:04:27

Health: -1/42      AC:  6    Str: 11    XL:     6   Next: 38%
Magic:  6/14       EV: 10    Int: 17    God:    Gozag
Gold:   444        SH:  0    Dex: 12    Spells: 12/16 levels left

rFire    x . .     SeeInvis .   j - +2 dagger (drain)
rCold    + + .     Gourm    .   (no shield)
rNeg     + + +     Faith    .   b - +0 ring mail
rPois    ∞         Spirit   .   (no helmet)
rElec    .         Reflect  .   (no cloak)
rCorr    .         Harm     .   (no gloves)
MR       .....     Rnd*Tele +   d - +0 pair of boots
Stlth    +.........             (no amulet)
HPRegen  0.14/turn              f - ring of protection from cold
MPRegen  0.14/turn              c - ring of teleportation (curse)

@: very slightly contaminated
A: no food or potions, fire vulnerability, cold resistance 1, negative energy
resistance 3, torment resistance, unbreathing
a: Potion Petition, Call Merchant, Bribe Branch, Renounce Religion


You were on level 4 of the Dungeon.
You worshipped Gozag.
Gozag was aware of your devotion.
You were not hungry.

You visited 1 branch of the dungeon, and saw 4 of its levels.

You collected 465 gold pieces.
You paid 21 gold pieces to Gozag.

Inventory:

Hand Weapons
 j - a +2 dagger of draining (weapon)
Missiles
 e - 6 silver javelins (quivered)
Armour
 b - a +0 ring mail (worn)
 d - a +0 pair of boots (worn)
Jewellery
 c - a cursed ring of teleportation (right hand)
 f - a ring of protection from cold (left hand)
Wands
 a - a wand of polymorph (1)
 l - a wand of enslavement (3)
Scrolls
 g - a scroll of enchant weapon
 h - 3 scrolls of teleportation
 i - 2 scrolls of enchant armour
 k - a scroll of identify


   Skills:
 + Level 0.3 Fighting
 + Level 0.4 Short Blades
 + Level 1.0 Armour
 + Level 1.7 Dodging
 + Level 2.2 Stealth
 + Level 0.2 Unarmed Combat
 + Level 5.7 Spellcasting
 + Level 5.6 Necromancy


You had 12 spell levels left.
You knew the following spells:

 Your Spells              Type           Power        Failure   Level  Hunger
a - Pain                  Necr           ###.         3%          1    N/A
c - Vampiric Draining     Necr           ###.......   10%         3    N/A

Your spell library contained the following spells:

 Spells                   Type           Power        Failure   Level  Hunger
 Animate Skeleton         Necr           N/A          3%          1    N/A
 Animate Dead             Necr           N/A          30%         4    N/A
 Regeneration             Chrm/Necr      Unusable     N/A         3    N/A

Dungeon Overview and Level Annotations

Branches:
Dungeon (4/15)
 Temple: D:4-7

Altars:
Gozag
Okawaru
Vehumet
Wu Jian
The Shining One


Innate Abilities, Weirdness & Mutations

You do not eat or drink.
Your flesh is vulnerable to fire.
You are immune to poison.
Your flesh is cold resistant. (rC+)
You are immune to negative energy. (rN+++)
You are immune to unholy pain and torment.
You can survive without breathing.


Message History

Aiming: Vampiric Draining (safe; 10% risk of failure)
Press: ? - help, Shift-Dir - straight line, f - iguana
Aim: an iguana (lightly wounded)
The iguana is heavily wounded.
You feel life coursing into your body. The phantom hits you.
* * * LOW HITPOINT WARNING * * *
The phantom blinks!
The iguana bites you.
* * * LOW HITPOINT WARNING * * *
Unknown command.
Casting: Vampiric Draining (safe; 10% risk of failure)
Confirm with . or Enter, or press ? or * to list all spells.
Aiming: Vampiric Draining (safe; 10% risk of failure)
Press: ? - help, Shift-Dir - straight line, f/p - iguana
Aim: an iguana (heavily wounded)
You miscast Vampiric Draining.
You are very lightly contaminated with residual magic.
You hear strange and distant voices.
The iguana bites you!
You die...
Your body crumbles into a pile of gold.

.......................
.......................
$ ...##..##.###....#
...# .##.###....# ....
.........# .....
.........# #####.
#.###....# # #
###....##..##.
#/...§@.W.....
.'....l........
..#.$........... .
#......######.
..#.....# ..#######


You could see a phantom and an iguana.

Vanquished Creatures
  A scorpion (D:4)
  A hound (D:4)
  An orc wizard (D:3)
  An orc priest (D:3)
  Natasha (thrice) (D:3)
  6 adders
  A dart slug (D:1)
  4 worms
  3 leopard geckos
  3 orcs
  A ball python (D:2)
  4 giant cockroaches
  9 goblins
  3 hobgoblins
  8 jackals
  12 kobolds
  8 bats
  8 frilled lizards
  13 rats
90 creatures vanquished.

Notes
Turn   | Place    | Note
-------+----------+-------------------------------------------
     0 | D:1      | Atlas the Mummy Necromancer began the quest for the Orb.
     0 | D:1      | Reached XP level 1. HP: 13/13 MP: 4/4
   292 | D:1      | Reached XP level 2. HP: 19/19 MP: 3/5
   854 | D:2      | Reached XP level 3. HP: 24/24 MP: 0/7
  1008 | D:2      | Found an iron altar of Okawaru.
  1010 | D:2      | Found an ornate altar of the Wu Jian Council.
  1010 | D:2      | Found an opulent altar of Gozag.
  1018 | D:2      | Became a worshipper of Gozag Ym Sagoz the Greedy
  1103 | D:2      | Learned a level 3 spell: Vampiric Draining
  1181 | D:2      | Reached XP level 4. HP: 23/30 MP: 3/9
  1608 | D:3      | Found a faded altar of an unknown god.
  1710 | D:3      | Reached skill level 5 in Necromancy
  1710 | D:3      | Reached XP level 5. HP: 27/35 MP: 1/11
  2000 | D:3      | Found a glowing golden altar of the Shining One.
  2044 | D:3      | Noticed Natasha
  2050 | D:3      | Killed Natasha
  2079 | D:3      | Noticed Natasha
  2084 | D:3      | Killed Natasha
  2084 | D:3      | Reached skill level 5 in Spellcasting
  2103 | D:3      | Noticed Natasha
  2114 | D:3      | Killed Natasha
  2373 | D:3      | Found a radiant altar of Vehumet.
  2750 | D:4      | Reached skill level 1 in Armour
  2750 | D:4      | Reached XP level 6. HP: 36/42 MP: 7/14
  2874 | D:4      | Slain by an iguana

Vault maps used:
D:1:      dpeg_arrival_orchard, minmay_misc_feat_tiny, minmay_misc_feat_hallway
D:2:      grunt_temple_overflow_open, first_ration
D:3:      lemuel_crystal_altar, chequers_ecumenical_altar_island,
          hangedman_decor_clover_reticule, minmay_stone_trees_small,
          tso_metal_star, uniq_natasha

Skill      XL: |  1  2  3  4  5 |
---------------+----------------+-----
Spellcasting   | 3 4 5 |  5.7
Necromancy     | 5 |  5.6
Stealth        | 2 |  2.2
Armour         | 1 |  1.0
Fighting       | |  0.3
Short Blades   | |  0.4
Dodging        | |  1.7
Unarmed Combat | |  0.2

Action                   |  1- 3 |  4- 6 || total
-------------------------+-------+-------++-------
Melee: Unarmed           |    11 |       ||    11
       Dagger            |    46 |    54 ||   100
 Cast: Pain              |    74 |    86 ||   160
       Vampiric Draining |       |     2 ||     2
  Use: Scroll            |       |     4 ||     4
 Stab: Sleeping          |       |     1 ||     1
Armor: Ring mail         |    28 |    29 ||    57
Dodge: Dodged            |    47 |    33 ||    80

Table legend:
 A = Non-vault XP
 B = Vault XP
 C = Vault XP percentage of total XP
 D = Non-vault monster count
 E = Vault monster count
 F = Vault count percentage of total count
                 A         B        C        D         E       F
            +---------+---------+-------+---------+---------+-------
      Total |     480 |      35 |   6.8 |      89 |       1 |   1.1
            +---------+---------+-------+---------+---------+-------
        D:1 |      30 |       0 |   0.0 |      20 |       0 |   0.0
        D:2 |      87 |       0 |   0.0 |      34 |       0 |   0.0
        D:3 |     226 |      35 |  13.4 |      27 |       1 |   3.6
        D:4 |     137 |       0 |   0.0 |       8 |       0 |   0.0
            +---------+---------+-------+---------+---------+-------
